 Dungeon Crawl Stone Soup version 0.30.1-4-g462c640d31 (webtiles) character file.

Game seed: 14666341919205089252

10 leafyfresh the Covert (level 2, -1/28 HPs)
             Began as a Naga Delver on Aug 17, 2023.
             Slain by a hobgoblin (3 damage)
             ... on level 4 of the Dungeon.
             The game lasted 00:00:37 (150 turns).

leafyfresh the Covert (Naga Delver)                  Turns: 150, Time: 00:00:38

Health: -1/28      AC:  2    Str: 14    XL:     2   Next: 20%
Magic:  2/2        EV:  9    Int: 10    God:
Gold:   0          SH:  0    Dex: 12    Spells: 1/1 levels left

rFire   . . .        a - +0 short sword
rCold   . . .        (no shield)
rNeg    . . .        b - +0 leather armour
rPois   +            (no helmet)
rElec   .            (no cloak)
rCorr   .            (no gloves)
SInv    +            (no barding)
Will    .....        (no amulet)
Stlth   +++          (no ring)
HPRegen 0.24/turn    (no ring)
MPRegen 0.08/turn

%: no passive effects
@: very slow
A: AC +0, large, see invisible, deformed body, poison resistance, slowness 2,
spit poison 1, naga tail 1
a: Spit Poison


You were on level 4 of the Dungeon.
You visited 1 branch of the dungeon, and saw 2 of its levels.

Inventory:

Hand Weapons
 a - a +0 short sword (weapon)
Armour
 b - a +0 leather armour (worn)
Wands
 g - a wand of digging (3)
Scrolls
 c - a scroll of fog
 d - a scroll of magic mapping
 e - a scroll of fear
Potions
 f - a potion of haste


   Skills:
 - Level 3.0 Fighting
 - Level 2.0 Short Blades
 - Level 1.5 Dodging
 + Level 8.0 Stealth


You had one spell level left.
You didn't know any spells.
Your spell library was empty.

Dungeon Overview and Level Annotations

Branches:
Dungeon (5/15)
 Temple: D:4-7

Altars:


Innate Abilities, Weirdness & Mutations

Your serpentine skin is tough. (AC +0)
You have supernaturally acute eyesight. (SInv)
Armour fits poorly on your strangely shaped body.
Your system is resistant to poisons. (rPois)
You cover ground very slowly.
You can spit poison.
You have a snake-like lower body.


Message History

The hobgoblin barely misses you.
You barely miss the jackal. The jackal bites you. The hobgoblin hits you.
You closely miss the jackal. The jackal barely misses you.
The hobgoblin completely misses you.
You hit the jackal.
The jackal is lightly wounded.
The jackal bites you.
* * * LOW HITPOINT WARNING * * *
The jackal closely misses you.
You miss the jackal.
The jackal is lightly wounded.
The hobgoblin hits you.
* * * LOW HITPOINT WARNING * * *
The jackal bites you.
* * * LOW HITPOINT WARNING * * *
Unknown command.
You hit the jackal but do no damage.
The jackal is lightly wounded.
The jackal misses you.
The hobgoblin hits you but does no damage.
You miss the jackal.
The jackal is lightly wounded.
The jackal barely misses you. The hobgoblin barely misses you.
The jackal closely misses you.
You barely miss the jackal.
The jackal is lightly wounded.
The hobgoblin hits you.
* * * LOW HITPOINT WARNING * * *
The jackal closely misses you.
You closely miss the jackal.
The jackal is lightly wounded.
The jackal closely misses you. The hobgoblin closely misses you.
You barely miss the jackal.
The jackal is lightly wounded.
The jackal barely misses you. The hobgoblin barely misses you.
You hit the jackal.
The jackal is moderately wounded.
The jackal bites you but does no damage.
The hobgoblin hits you.
You die...

#<...).....#
#..........#
#..........#
#..........##
#.......... #
##........#...
#..........###
#.....@†.....#
#.....gh...#.#
#..........#
#..........#
##........##
.........##
.######....
####.#


You could see a jackal and a hobgoblin.

Vanquished Creatures
  An adder (D:5)
  A jackal (D:4)
2 creatures vanquished.

Notes
Turn   | Place    | Note
-------+----------+-------------------------------------------
     0 | D:5      | leafyfresh the Naga Delver began the quest for the Orb.
     0 | D:5      | Reached XP level 1. HP: 21/21 MP: 1/1
    17 | D:5      | Reached XP level 2. HP: 19/28 MP: 2/2
   139 | D:4      | Reached skill level 8 in Stealth
   147 | D:4      | HP: 1/28 [hobgoblin (3)]
   150 | D:4      | Slain by a hobgoblin

Illustrated notes

Levels and vault maps discovered:
D:4:      layout_rooms, mainiacjoe_overflow_swirl,
          minmay_temple_entry_stoned_glass, minivault_19,
          kennysheep_big_empty_room, skrybe_limestone_x,
          dilly_guarded_unrand_devastator
D:5:      gammafunk_wand_slinger, layout_basic, minmay_misc_feat_pillars,
          kennysheep_nub, kb_lookout_dungeons_type, kennysheep_generic_room_8

Skill      XL: |  1  2 |
---------------+-------+-----
Stealth        | 8 |  8.0
Fighting       | |  3.0
Short Blades   | |  2.0
Dodging        | |  1.5

Action                     || total
---------------------------++-------
  Melee: Short sword       ||    28
Ability: Spit Poison       ||     1
 Armour: Leather armour    ||    11
  Dodge: Dodged            ||    26
